 Dungeon Crawl Stone Soup version 0.19-a0-518-g626ee58 (webtiles) character file.

33 Magifyre the Firebug (level 3, 0/19 HPs)
             Began as a Deep Elf Fire Elementalist on June 6, 2016.
             Slain by an adder (2 damage)
             ... on level 2 of the Dungeon.
             The game lasted 00:09:27 (1367 turns).

Magifyre the Firebug (Deep Elf Fire Elementalist)   Turns: 1367, Time: 00:09:28

Health: 0/19       AC:  3    Str:  5    XL:     3   Next: 12%
Magic:  0/9        EV: 18    Int: 20    God:
Gold:   39         SH:  0    Dex: 15    Spells: 3 memorised, 2 levels left

rFire  . . .     SeeInvis .     (no weapon)
rCold  . . .     Gourm    .     a - +0 robe
rNeg   . . .     Faith    .     (no shield)
rPois  .         Spirit   .     (no helmet)
rElec  .         Dismiss  .     (no cloak)
rCorr  .         Reflect  .     (no gloves)
SustAt .         Harm     .     f - +0 pair of boots
MR     .....                    (no amulet)
Stlth  +++.......               d - ring of stealth
                                g - +5 ring of evasion

@: lethally poisoned (0 -> -3), very slightly contaminated, not resistant to
hostile enchantments, fairly stealthy
A: no striking features
a: no special abilities


You were on level 2 of the Dungeon.
You were near starving.

You visited 1 branch of the dungeon, and saw 2 of its levels.

You collected 39 gold pieces.

Inventory:

Armour
 a - a +0 robe (worn)
 f - a +0 pair of boots (worn)
Jewellery
 d - a ring of stealth (right hand)
 g - a +5 ring of evasion (left hand)
Scrolls
 e - 3 scrolls of identify {unknown}
 h - a scroll of enchant armour {unknown}
 i - a scroll of noise {unknown}
Potions
 j - a potion of heal wounds {unknown}
Books
 b - a book of Flames

   Spells                             Type                      Level
   a - Flame Tongue                   Conjuration/Fire             1
   b - Throw Flame                    Conjuration/Fire             2
   c - Conjure Flame                  Conjuration/Fire             3
   d - Inner Flame                    Hexes/Fire                   3
   e - Sticky Flame                   Conjuration/Fire             4
   f - Fireball                       Conjuration/Fire             5
 k - a book of Unlife

   Spells                             Type                      Level
   a - Recall                         Summoning/Translocation      3
   b - Animate Dead                   Necromancy                   4
   c - Control Undead                 Necromancy                   4
   d - Cigotuvi's Embrace             Necromancy                   5
   e - Death Channel                  Necromancy                   6
   f - Simulacrum                     Ice/Necromancy               6
Comestibles
 c - 2 bread rations


   Skills:
 - Level 2.4 Dodging
 - Level 2.4 Stealth
 + Level 3.0 Spellcasting
 * Level 3.3 Conjurations
 * Level 3.3 Fire Magic


You had 2 spell levels left.
You knew the following spells:

 Your Spells              Type           Power        Failure   Level  Hunger
a - Flame Tongue          Conj/Fire      ###..        3%          1    None
b - Throw Flame           Conj/Fire      ###...       6%          2    ##.....
c - Conjure Flame         Conj/Fire      ###.....     12%         3    ###....


Dungeon Overview and Level Annotations

Branches:
Dungeon (2/15)

Altars:


Message History

You miscast Throw Flame.
Strange energies run through your body.
You feel sick. The adder completely misses you. The adder bites you.
You hit the adder but do no damage.
The adder is severely wounded.
The adder bites you.
* * * LOW HITPOINT WARNING * * *
You miss the adder.
The adder is severely wounded.
The adder closely misses you.
You closely miss the adder.
The adder is severely wounded.
The adder closely misses you.
You hit the adder.
The adder is severely wounded.
* * * LOW HITPOINT WARNING * * *
You feel sick. The adder closely misses you. x2
You completely miss the adder.
The adder is severely wounded.
The adder bites you.
You die...

#.....................#
#.....................#
#.......(.#...........#
#........#_#...<......#
##........#...........#
...............####.###
####.####..###.# ..
#!####...##.# .. .
.....%.@..#
.##....S....%...
.......########.
.#..... ....... #......
#..#... #..#..<


You could see an adder.

Vanquished Creatures
  An adder zombie (D:1)
  A dart slug (D:1)
  2 giant geckos
  A ball python (D:2)
  2 bats (D:1)
  4 hobgoblins (D:1)
  2 jackals (D:1)
  A giant newt (D:1)
  4 goblins (D:1)
  3 kobolds (D:1)
  A quokka zombie (D:1)
  2 rats (D:1)
24 creatures vanquished.

Notes
Turn   | Place    | Note
--------------------------------------------------------------
     0 | D:1      | Magifyre the Deep Elf Fire Elementalist began the quest for the Orb.
     0 | D:1      | Reached XP level 1. HP: 10/10 MP: 6/6
   354 | D:1      | Reached XP level 2. HP: 14/15 MP: 6/8
   367 | D:1      | Learned a level 2 spell: Throw Flame
  1094 | D:1      | Reached XP level 3. HP: 19/19 MP: 4/9
  1269 | D:2      | Found a faded altar of an unknown god.
  1278 | D:2      | Learned a level 3 spell: Conjure Flame
  1367 | D:2      | Slain by an adder

Vault maps used:
D:1:      saegor_arrival_fortress, solitary_fountain, serial_park_tiny_1,
          kennysheep_minor_cross, minmay_misc_feat_columns
D:2:      ecumenical_altar_1, first_bread, uniq_terence, uniq_jessica

Skill      XL: |  1  2 |
---------------+-------+-----
Conjurations   | 2 3 |  3.3
Dodging        | |  2.4
Stealth        | |  2.4
Spellcasting   | |  3.0
Fire Magic     | |  3.3

Action                   || total
-------------------------++-------
Melee: Unarmed           ||    13
 Cast: Flame Tongue      ||    14
       Throw Flame       ||    31
  Eat: Chunk             ||     1
Armor: Robe              ||     1
Dodge: Dodged            ||    24
